[ AOE2 MATCH · #506949088 ]
UnrankedByzantines vs Mongols
Player's team · WIN
Rival team · LOSS
[ REPLAY ANALYSIS · EXTRACTED FROM THE RECORDED GAME ]
Feudal
10:39
Castle
20:49
Imperial
36:23
| APM avg | 32.8 |
| APM peak | 79 |
| eAPM avg | 22.1 |
| Villagers / military | 137 / 231 |
Focus
⚔️ 43.4% · 🌾 56.6%
Skirmisher ×83 · Spearman ×61 · Camel Scout ×57 · Bombard Cannon ×13 · Monk ×7 · Trebuchet (Packed) ×5
Feudal
9:44
Castle
21:43
Imperial
37:44
| APM avg | 49.6 |
| APM peak | 107 |
| eAPM avg | 25.2 |
| Villagers / military | 112 / 287 |
Focus
⚔️ 30.0% · 🌾 70.0%
Scout Cavalry ×176 · Mangudai ×82 · Camel Scout ×9 · Trebuchet (Packed) ×7 · Steppe Lancer ×6 · Archer ×4
Match map
Initial resources + every placement click. Lines = walls · curves = elevation contours. ◆ gold · ⬟ stone · ● berries · ✦ relic · ◌ wall gap
Your base· Open — 7t gap
HernanJC's base· Open — 5t gap
Smoothed initial terrain · ◌ = detected wall gap · hover for details
Inputs per minute
— pabloic16 - - HernanJC
Build order — pabloic16
First 150 of 541 actions detected
| 0:01 | Queue | Villager (Male) |
| 0:02 | Build | House |
| 0:03 | Build | House |
| 0:26 | Queue | Villager (Male) |
| 0:27 | Queue | Villager (Male) |
| 0:27 | Queue | Villager (Male) |
| 1:30 | Queue | Villager (Male) |
| 1:45 | Queue | Villager (Male) |
| 1:45 | Queue | Villager (Male) |
| 1:47 | Build | Lumber Camp |
| 2:12 | Queue | Villager (Male) |
| 2:13 | Queue | Villager (Male) |
| 2:45 | Queue | Villager (Male) |
| 3:09 | Queue | Villager (Male) |
| 3:09 | Queue | Villager (Male) |
| 3:32 | Queue | Villager (Male) |
| 3:50 | Build | House |
| 4:15 | Build | Mill |
| 4:19 | Queue | Villager (Male) |
| 4:56 | Queue | Villager (Male) |
| 5:34 | Queue | Villager (Male) |
| 5:34 | Queue | Villager (Male) |
| 5:46 | Queue | Villager (Male) |
| 5:46 | Queue | Villager (Male) |
| 6:07 | Queue | Villager (Male) |
| 6:27 | Build | House |
| 6:34 | Queue | Villager (Male) |
| 6:34 | Queue | Villager (Male) |
| 6:57 | Queue | Villager (Male) |
| 6:57 | Research | Loom |
| 8:15 | Research | Feudal Age |
| 8:54 | Queue | Villager (Male) |
| 8:54 | Queue | Villager (Male) |
| 9:04 | Build | Lumber Camp |
| 9:33 | Build | Barracks |
| 9:39 | Build | Farm |
| 9:41 | Build | Farm |
| 9:45 | Build | Farm |
| 9:52 | Build | Farm |
| 9:57 | Queue | Villager (Male) |
| 10:01 | Build | House |
| 10:38 | Build | Palisade Wall |
| 10:39 | Age | Feudal Age |
| 10:46 | Build | Stable |
| 10:51 | Queue | Spearman |
| 10:52 | Queue | Villager (Male) |
| 10:59 | Research | Double-Bit Axe |
| 11:18 | Queue | Villager (Male) |
| 11:29 | Queue | Villager (Male) |
| 11:31 | Build | Farm |
| 11:33 | Queue | Spearman |
| 11:37 | Build | House |
| 11:39 | Queue | Villager (Male) |
| 11:41 | Build | Farm |
| 11:47 | Queue | Scout Cavalry |
| 11:52 | Build | House |
| 11:55 | Build | Palisade Wall |
| 12:04 | Build | Farm |
| 12:13 | Queue | Villager (Male) |
| 12:13 | Queue | Villager (Male) |
| 12:20 | Build | House |
| 12:37 | Queue | Villager (Male) |
| 12:41 | Build | Farm |
| 12:46 | Build | Farm |
| 12:50 | Queue | Villager (Male) |
| 12:55 | Build | Farm |
| 13:22 | Queue | Villager (Male) |
| 13:35 | Build | Market |
| 13:39 | Queue | Villager (Male) |
| 13:45 | Queue | Villager (Male) |
| 13:55 | Build | Farm |
| 13:59 | Build | Farm |
| 14:09 | Queue | Villager (Male) |
| 14:28 | Build | Mining Camp |
| 14:35 | Queue | Villager (Male) |
| 14:41 | Build | Palisade Wall |
| 14:55 | Build | House |
| 15:01 | Build | Farm |
| 15:06 | Build | Farm |
| 15:22 | Build | Farm |
| 15:51 | Build | Farm |
| 16:14 | Build | Farm |
| 16:27 | Queue | Villager (Male) |
| 16:31 | Research | Horse Collar |
| 16:33 | Build | Farm |
| 16:35 | Research | Wheelbarrow |
| 17:03 | Queue | Villager (Male) |
| 17:08 | Build | Archery Range |
| 17:57 | Research | Castle Age |
| 18:26 | Queue | Skirmisher |
| 18:26 | Queue | Skirmisher |
| 18:37 | Build | Lumber Camp |
| 18:42 | Build | Farm |
| 18:42 | Build | Farm |
| 18:42 | Build | Farm |
| 19:03 | Build | Blacksmith |
| 19:16 | Build | Archery Range |
| 19:31 | Queue | Villager (Male) |
| 19:31 | Queue | Villager (Male) |
| 19:55 | Research | Fletching |
| 19:58 | Queue | Skirmisher |
| 20:00 | Queue | Skirmisher |
| 20:07 | Queue | Villager (Male) |
| 20:14 | Queue | Skirmisher |
| 20:14 | Queue | Skirmisher |
| 20:26 | Queue | Skirmisher |
| 20:26 | Queue | Skirmisher |
| 20:47 | Research | Padded Archer Armor |
| 20:49 | Age | Castle Age |
| 20:57 | Queue | Skirmisher |
| 20:57 | Queue | Skirmisher |
| 21:03 | Research | Bow Saw |
| 21:09 | Queue | Villager (Male) |
| 21:09 | Queue | Villager (Male) |
| 21:34 | Queue | Villager (Male) |
| 21:34 | Queue | Villager (Male) |
| 21:39 | Build | House |
| 21:40 | Build | House |
| 21:44 | Research | Hand Cart |
| 21:45 | Queue | Villager (Male) |
| 21:47 | Research | Husbandry |
| 21:53 | Queue | Camel Scout |
| 22:03 | Build | Town Center |
| 22:21 | Queue | Villager (Male) |
| 22:31 | Build | Stable |
| 22:40 | Queue | Villager (Male) |
| 22:40 | Queue | Villager (Male) |
| 22:43 | Queue | Camel Scout |
| 22:57 | Build | Outpost |
| 23:12 | Queue | Villager (Male) |
| 23:18 | Build | Town Center |
| 23:21 | Queue | Camel Scout |
| 23:21 | Queue | Camel Scout |
| 23:30 | Queue | Villager (Male) |
| 23:55 | Research | Gold Mining |
| 24:08 | Queue | Villager (Male) |
| 24:08 | Queue | Villager (Male) |
| 24:16 | Queue | Villager (Male) |
| 24:18 | Build | Farm |
| 24:19 | Build | Farm |
| 24:21 | Queue | Villager (Male) |
| 24:29 | Queue | Camel Scout |
| 24:29 | Queue | Camel Scout |
| 24:36 | Build | Farm |
| 24:36 | Build | Farm |
| 24:36 | Build | Farm |
| 24:39 | Build | Farm |
| 24:39 | Build | Farm |
| 24:40 | Build | Farm |
| 24:40 | Build | Farm |
Build order — HernanJC
First 150 of 436 actions detected
| 0:02 | Build | House |
| 0:04 | Build | House |
| 0:04 | Queue | Villager (Male) |
| 0:05 | Queue | Villager (Male) |
| 0:05 | Queue | Villager (Male) |
| 0:05 | Queue | Villager (Male) |
| 1:33 | Queue | Villager (Male) |
| 2:08 | Queue | Villager (Male) |
| 2:19 | Queue | Villager (Male) |
| 2:19 | Queue | Villager (Male) |
| 2:26 | Build | Lumber Camp |
| 2:42 | Queue | Villager (Male) |
| 3:06 | Build | House |
| 3:10 | Queue | Villager (Male) |
| 3:17 | Queue | Villager (Male) |
| 3:18 | Queue | Villager (Male) |
| 3:55 | Queue | Villager (Male) |
| 3:55 | Queue | Villager (Male) |
| 4:34 | Queue | Villager (Male) |
| 4:34 | Queue | Villager (Male) |
| 4:34 | Queue | Villager (Male) |
| 5:17 | Build | House |
| 5:54 | Build | Mill |
| 6:07 | Queue | Villager (Male) |
| 6:24 | Queue | Villager (Male) |
| 6:28 | Research | Loom |
| 6:48 | Build | Mining Camp |
| 7:00 | Build | Palisade Wall |
| 7:16 | Research | Feudal Age |
| 7:39 | Build | Palisade Wall |
| 7:43 | Build | Palisade Wall |
| 7:45 | Build | Palisade Wall |
| 8:46 | Build | Palisade Wall |
| 9:04 | Build | House |
| 9:06 | Build | Palisade Wall |
| 9:19 | Build | Mill |
| 9:36 | Queue | Villager (Male) |
| 9:44 | Age | Feudal Age |
| 10:19 | Build | Mining Camp |
| 10:24 | Queue | Villager (Male) |
| 10:49 | Queue | Villager (Male) |
| 11:13 | Queue | Villager (Male) |
| 11:38 | Queue | Villager (Male) |
| 11:50 | Build | Barracks |
| 12:03 | Queue | Villager (Male) |
| 12:15 | Build | House |
| 12:16 | Build | Palisade Wall |
| 12:18 | Queue | Villager (Male) |
| 12:49 | Queue | Villager (Male) |
| 12:59 | Build | Archery Range |
| 13:02 | Queue | Villager (Male) |
| 13:08 | Build | House |
| 13:11 | Build | Palisade Wall |
| 13:27 | Research | Double-Bit Axe |
| 13:38 | Queue | Villager (Male) |
| 13:56 | Build | House |
| 14:13 | Queue | Archer |
| 14:13 | Queue | Archer |
| 14:18 | Build | Farm |
| 14:21 | Build | Farm |
| 14:30 | Queue | Villager (Male) |
| 14:30 | Queue | Villager (Male) |
| 14:50 | Build | Farm |
| 15:00 | Build | Lumber Camp |
| 15:08 | Queue | Villager (Male) |
| 15:30 | Queue | Spearman |
| 15:32 | Build | House |
| 15:39 | Build | House |
| 15:52 | Build | House |
| 16:03 | Build | Farm |
| 16:13 | Queue | Archer |
| 16:28 | Build | Blacksmith |
| 16:30 | Queue | Villager (Male) |
| 16:31 | Queue | Villager (Male) |
| 16:33 | Build | Farm |
| 16:36 | Build | Farm |
| 16:49 | Queue | Archer |
| 16:54 | Build | Farm |
| 16:59 | Build | Farm |
| 17:10 | Build | Farm |
| 17:16 | Queue | Villager (Male) |
| 17:32 | Queue | Spearman |
| 17:41 | Build | Farm |
| 17:44 | Queue | Villager (Male) |
| 17:49 | Build | House |
| 18:05 | Queue | Villager (Male) |
| 18:12 | Build | Farm |
| 18:16 | Build | Farm |
| 18:33 | Queue | Villager (Male) |
| 18:39 | Build | House |
| 19:03 | Research | Castle Age |
| 19:17 | Build | House |
| 19:18 | Build | House |
| 19:19 | Build | Palisade Wall |
| 19:37 | Research | Fletching |
| 19:49 | Queue | Spearman |
| 20:09 | Build | Lumber Camp |
| 20:12 | Research | Horse Collar |
| 20:57 | Queue | Villager (Male) |
| 20:58 | Queue | Villager (Male) |
| 21:14 | Build | Farm |
| 21:21 | Build | Farm |
| 21:41 | Build | Stable |
| 21:43 | Age | Castle Age |
| 21:46 | Build | Stable |
| 21:50 | Research | Bow Saw |
| 21:58 | Build | Town Center |
| 22:02 | Queue | Villager (Male) |
| 22:26 | Queue | Steppe Lancer |
| 22:30 | Queue | Steppe Lancer |
| 22:31 | Queue | Steppe Lancer |
| 22:32 | Queue | Steppe Lancer |
| 22:55 | Build | Town Center |
| 23:06 | Research | Husbandry |
| 23:26 | Queue | Villager (Male) |
| 23:26 | Queue | Villager (Male) |
| 23:52 | Queue | Camel Scout |
| 24:13 | Research | Town Watch |
| 24:18 | Queue | Villager (Male) |
| 24:36 | Queue | Steppe Lancer |
| 24:47 | Queue | Villager (Male) |
| 24:53 | Build | Farm |
| 24:56 | Build | Farm |
| 25:00 | Build | Farm |
| 25:04 | Build | Farm |
| 25:06 | Build | Farm |
| 25:08 | Build | Farm |
| 25:10 | Build | Farm |
| 25:13 | Queue | Villager (Male) |
| 25:13 | Queue | Villager (Male) |
| 25:13 | Queue | Villager (Male) |
| 25:24 | Queue | Camel Scout |
| 25:25 | Queue | Camel Scout |
| 25:44 | Research | Gold Mining |
| 25:47 | Build | Mining Camp |
| 25:49 | Queue | Villager (Male) |
| 26:03 | Build | Market |
| 26:06 | Queue | Villager (Male) |
| 26:06 | Queue | Villager (Male) |
| 26:06 | Queue | Villager (Male) |
| 26:14 | Build | Town Center |
| 26:20 | Queue | Steppe Lancer |
| 26:31 | Queue | Camel Scout |
| 26:34 | Queue | Villager (Male) |
| 26:34 | Queue | Villager (Male) |
| 26:42 | Build | Farm |
| 26:43 | Build | Farm |
| 26:43 | Build | Farm |
| 26:47 | Queue | Villager (Male) |
| 26:47 | Queue | Villager (Male) |
Match timeline
| 7:00 | HernanJC · wall_segment Palisade Wall x4 |
| 7:39 | HernanJC · wall_segment Palisade Wall x2 |
| 7:43 | HernanJC · wall_segment Palisade Wall x5 |
| 7:45 | HernanJC · wall_segment Palisade Wall x1 |
| 8:46 | HernanJC · wall_segment Palisade Wall x1 |
| 9:06 | HernanJC · wall_segment Palisade Wall x3 |
| 9:33 | pabloic16 · first_building Barracks |
| 9:44 | HernanJC · age_up feudal |
| 10:38 | pabloic16 · wall_segment Palisade Wall x3 |
| 10:39 | pabloic16 · age_up feudal |
| 10:46 | pabloic16 · first_building Stable |
| 11:50 | HernanJC · first_building Barracks |
| 11:55 | pabloic16 · wall_segment Palisade Wall x1 |
| 12:16 | HernanJC · wall_segment Palisade Wall x1 |
| 12:59 | HernanJC · first_building Archery Range |
| 13:11 | HernanJC · wall_segment Palisade Wall x11 |
| 14:41 | pabloic16 · wall_segment Palisade Wall x5 |
| 17:08 | pabloic16 · first_building Archery Range |
| 19:19 | HernanJC · wall_segment Palisade Wall x1 |
| 20:49 | pabloic16 · age_up castle |
| 21:41 | HernanJC · first_building Stable |
| 21:43 | HernanJC · age_up castle |
| 27:59 | HernanJC · first_building Castle |
| 29:16 | pabloic16 · first_building Monastery |
| 29:57 | pabloic16 · first_building Castle |
| 32:33 | pabloic16 · wall_segment Palisade Wall x6 |
| 33:12 | pabloic16 · first_market_sell 100 food |
| 35:18 | pabloic16 · first_building Siege Workshop |
| 36:23 | pabloic16 · age_up imperial |
| 37:44 | HernanJC · age_up imperial |
| 37:53 | HernanJC · first_market_buy 100 wood |
| 38:12 | HernanJC · first_market_sell 100 food |
| 39:11 | HernanJC · wall_segment Palisade Wall x6 |
| 40:33 | HernanJC · wall_segment Palisade Wall x1 |
| 45:05 | pabloic16 · first_market_buy 100 wood |
| 53:18 | HernanJC · resign |
[ AI ANALYSIS · 1 CREDIT ]
What really happened in this match?
Wolo.gg analyzes every decision: build order, eco, micro, common mistakes by bracket. Personalized analysis on WhatsApp or Discord in 30 seconds.
Civ guide
Byzantines
Perfil
Jugador #2181986